 Dungeon Crawl Stone Soup version 0.23.1 (webtiles) character file.

Game seed: 10727504401652193851

196 Borgoz the Skirmisher (level 5, -2/46 HPs)
             Began as a Ghoul Monk on Mar 15, 2019.
             Slain by an iguana (8 damage)
             ... on level 4 of the Dungeon.
             The game lasted 00:05:58 (3660 turns).

Borgoz the Skirmisher (Ghoul Monk)                  Turns: 3660, Time: 00:05:58

Health: -2/46      AC:  5    Str: 13 (15) XL:     5   Next: 74%
Magic:  4/4        EV: 11    Int:  2 (5)  God:
Gold:   246        SH:  0    Dex: 11 (12) Spells: 4/4 levels left

rFire    . . .     SeeInvis .   a - +0 short sword
rCold    + . .     Gourm    .   (no shield)
rNeg     + + +     Faith    .   u - +0 ring mail
rPois    ∞         Spirit   .   (no helmet)
rElec    .         Reflect  .   e - scarf {cloud immunity}
rCorr    .         Harm     .   (no gloves)
MR       .....                  (no boots)
Stlth    +.........             (no amulet)
HPRegen  0.00/turn              (no ring)
MPRegen  0.09/turn              (no ring)

@: rotting
A: rotting body, claws 1, carnivore, cold resistance 1, negative energy
resistance 3, inhibited regeneration, torment resistance, unbreathing
a: no special abilities


You were on level 4 of the Dungeon.
You were not hungry.

You visited 1 branch of the dungeon, and saw 4 of its levels.

You collected 246 gold pieces.

Inventory:

Hand Weapons
 a - a +0 short sword (weapon)
 b - a +0 blowgun
Missiles
 o - 22 poisoned needles
Armour
 e - a scarf of cloud immunity (worn)
 u - a +0 ring mail (worn)
Jewellery
 d - a +4 ring of protection {unknown}
Scrolls
 f - 3 scrolls of teleportation {unknown}
 i - 2 scrolls of amnesia {unknown}
 j - 2 scrolls of remove curse {unknown}
 l - 2 scrolls of fog {unknown}
 n - a scroll of blinking {unknown}
 p - a scroll of enchant armour {unknown}
 s - a scroll of noise {unknown}
 t - 2 scrolls of identify {unknown}
 v - a scroll of magic mapping {unknown}
Potions
 g - a potion of degeneration
Comestibles
 c - 6 rations


   Skills:
 + Level 4.0 Fighting
 * Level 3.7 Short Blades
 * Level 2.2 Armour
 + Level 3.3 Dodging
 + Level 3.2 Stealth


You had 4 spell levels left.
You didn't know any spells.
Your spell library was empty.

Dungeon Overview and Level Annotations

Branches:
Dungeon (4/15)
 Temple: D:4-7

Altars:
The Shining One


Innate Abilities, Weirdness & Mutations

Your body is rotting away.
You thrive on raw meat.
You are immune to poison.
You have sharp fingernails.
You are carnivorous and can eat meat at any time.
Your flesh is cold resistant. (rC+)
You are immune to negative energy. (rN+++)
You do not regenerate when monsters are visible.
You are immune to unholy pain and torment.
You can survive without breathing.


Message History

You hit the iguana.
The iguana is almost dead.
The iguana bites you!
* * * LOW HITPOINT WARNING * * *
It was a potion of degeneration.
There was something very wrong with that liquid.
You feel weakened.
You feel dopey.
You feel clumsy. The iguana bites you.
* * * LOW HITPOINT WARNING * * *
You hit the iguana but do no damage.
The iguana is almost dead.
The iguana barely misses you.
You hit the iguana.
The iguana is almost dead.
The iguana closely misses you.
Okay, then.
You barely miss the iguana.
The iguana is almost dead.
The iguana bites you!
You die...

######.# .....####
##.##.# ...##.##
##...#.#######.#...####
......<...............+
##...#.#######.....####
##........# ###..##
#....###.# #.## #.####
#.# #.### #.# #.# #@..#
#.######.# #.l.#
###........# #...#
....######## ##.##
##### .# .# .# .#


You could see an iguana.

Vanquished Creatures
  2 orc wizards
  A worker ant (D:4)
  A hound skeleton (D:4)
  2 adders
  An ooze (D:1)
  2 worms (D:2)
  A dart slug (D:3)
  2 leopard geckos
  8 orcs
  A ball python (D:2)
  5 bats
  4 giant cockroaches
  5 goblins
  10 hobgoblins
  2 jackals (D:4)
  4 frilled lizards
  6 kobolds
  15 rats
72 creatures vanquished.

Notes
Turn   | Place    | Note
-------+----------+-------------------------------------------
     0 | D:1      | Borgoz the Ghoul Monk began the quest for the Orb.
     0 | D:1      | Reached XP level 1. HP: 19/19 MP: 0/0
   172 | D:1      | Reached XP level 2. HP: 25/26 MP: 1/1
   185 | D:1      | Found a glowing golden altar of the Shining One.
   786 | D:2      | Reached XP level 3. HP: 27/31 MP: 2/2
   805 | D:2      | Reached skill level 1 in Armour
  1304 | D:2      | Reached XP level 4. HP: 40/40 MP: 3/3
  2194 | D:3      | Reached XP level 5. HP: 16/46 MP: 4/4
  3288 | D:4      | Reached skill level 4 in Fighting
  3660 | D:4      | Slain by an iguana

Skill      XL: |  1  2  3  4  5 |
---------------+----------------+-----
Short Blades   | 3 |  3.7
Armour         | 1 2 |  2.2
Dodging        | 3 |  3.3
Stealth        | 3 |  3.2
Fighting       | 4 |  4.0

Action                   |  1- 3 |  4- 6 || total
-------------------------+-------+-------++-------
Melee: Short sword       |   116 |   221 ||   337
 Fire: Blowgun           |       |     4 ||     4
  Use: Potion            |       |     9 ||     9
 Stab: Sleeping          |     7 |     3 ||    10
  Eat: Chunk             |     3 |     9 ||    12
Armor: Leather armour    |    27 |    18 ||    45
       Ring mail         |       |    45 ||    45
Dodge: Dodged            |    55 |   117 ||   172
